 Dungeon Crawl Stone Soup version 0.19.0-20-gbc5f0c6 (webtiles) character file.

6470 KarmaPolice the Merchant of Misery (level 10, -6/79 HPs)
             Began as a Vampire Skald on Nov 17, 2016.
             Was a Believer of Kikubaaqudgha.
             Mangled by a spiny frog (19 damage)
             ... on level 10 of the Dungeon.
             The game lasted 01:00:19 (17832 turns).

KarmaPolice the Merchant of Misery (Vampire Skald) Turns: 17832, Time: 01:00:20

Health: -6/79      AC:  8    Str: 16    XL:     10   Next: 68%
Magic:  7/15       EV: 11    Int: 15    God:    Kikubaaqudgha [**....]
Gold:   617        SH:  0    Dex: 17    Spells: 5 memorised, 4 levels left

rFire  . . .     SeeInvis +     n - +2 dagger (drain)
rCold  . . .     Gourm    .     b - +1 leather armour
rNeg   + . .     Faith    .     (no shield)
rPois  .         Spirit   .     t - +2 helmet
rElec  .         Reflect  .     (no cloak)
rCorr  .         Harm     .     y - +0 pair of gloves
MR     +....                    (no boots)
Stlth  +.........               (no amulet)
                                (no ring)
                                (no ring)

@: mighty, infused
A: fangs 3, see invisible, unbreathing
a: Bat Form, Receive Corpses, Renounce Religion


You were on level 10 of the Dungeon.
You worshipped Kikubaaqudgha.
Kikubaaqudgha was pleased with you.
You were not thirsty.

You visited 2 branches of the dungeon, and saw 11 of its levels.

You collected 617 gold pieces.

Inventory:

Hand Weapons
 a - a +0 falchion
 n - a +2 dagger of draining (weapon)
 s - a +2 whip of venom
 H - a +2 short sword of electrocution
Missiles
 i - a throwing net (quivered)
Armour
 b - a +1 leather armour (worn)
 t - a +2 helmet (worn)
 y - a +0 pair of gloves (worn)
Jewellery
 F - an uncursed ring of ice
Wands
 w - a wand of lightning (1/15)
 M - a wand of heal wounds (0/9)
Scrolls
 e - 2 scrolls of magic mapping
 f - a scroll of identify
 j - 4 scrolls of amnesia
 x - a scroll of remove curse
 E - a scroll of enchant weapon {unknown}
 L - a scroll of silence {unknown}
Potions
 d - 9 potions of blood
 h - 2 potions of brilliance
 k - a potion of might
 m - 4 potions of haste {unknown}
 o - a potion of ambrosia {unknown}
 p - a potion of mutation {unknown}
 r - a potion of resistance {unknown}
 u - a potion of agility {unknown}
 z - a potion of invisibility {unknown}
 B - a potion of heal wounds {unknown}
 C - a potion of cure mutation {unknown}
 D - a potion of degeneration {unknown}
 G - 2 potions of flight {unknown}
Books
 c - a book of Battle

   Spells                             Type                      Level
   a - Infusion                       Charms                       1
   b - Shroud of Golubria             Charms/Translocation         2
   c - Song of Slaying                Charms                       2
   d - Spectral Weapon                Hexes/Charms                 3
   e - Regeneration                   Charms/Necromancy            3
Miscellaneous
 K - a phial of floods (inert)


   Skills:
 - Level 7.0 Fighting
 - Level 7.8(8.1) Short Blades
 - Level 3.1(5.5) Long Blades
 + Level 4.2 Armour
 - Level 1.1 Dodging
 + Level 3.5 Spellcasting
 - Level 8.0 Charms
 + Level 8.5 Necromancy
 + Level 2.7 Evocations


You had 4 spell levels left.
You knew the following spells:

 Your Spells              Type           Power        Failure   Level  Hunger
a - Infusion              Chrm           ####         1%          1    None
b - Shroud of Golubria    Chrm/Tloc      ##........   10%         2    ##.....
c - Song of Slaying       Chrm           ####....     1%          2    ##.....
d - Regeneration          Chrm/Necr      ####......   2%          3    ###....
e - Control Undead        Necr           ####......   10%         4    ####...


Dungeon Overview and Level Annotations

Branches:
Dungeon (10/15)            Temple (1/1) D:7            Lair (0/6) D:10
    Orc: D:9-12

Altars:
Ashenzari
Cheibriados
Dithmenos
Elyvilon
Fedhas
Gozag
Hepliaklqana
Kikubaaqudgha
Makhleb
Nemelex Xobeh
Okawaru
Qazlal
Ru
Sif Muna
Trog
Uskayaw
Vehumet
Xom
Yredelemnul
Zin
The Shining One

Shops:
D:5 }

Annotations:
D:4 Menkaure
D:9 Maurice


Innate Abilities, Weirdness & Mutations

You have razor-sharp teeth.
You have supernaturally acute eyesight. (SInv)
You can survive without breathing.


Message History

The spiny frog stings you.
* * * LOW HITPOINT WARNING * * *
You are poisoned.
The spiny frog poisons you!
Evoke which item? (* to show all) (? for menu, Esc to quit)
Zapping:
M - a wand of heal wounds {zapped: 2} (will waste charges)
Press: ? - help, Shift-Dir - straight line, f - you Nothing appears to happen.
You feel sick. The spiny frog stings you.
* * * LOW HITPOINT WARNING * * *
The spiny frog stings you but does no damage.
Evoke which item? (* to show all) (? for menu, Esc to quit)
Okay, then.
Okay, then.
Okay, then.
Okay, then.
You feel better. The spiny frog barely misses you.
You feel very mighty all of a sudden. The spiny frog stings you!!
You die...
Kikubaaqudgha rasps: "You have failed me!
Welcome... oblivion!"

#### #### ...# ...
##.#########
#######.# #.........#
#.......# #########.#
####.#####.## ##.##
#.@F........#
#...###.##†#####..###
#####.......##)#
.....
#<.......##.##r#
.$§...
#.######.##.##.#
#$..... #.#
#.##.##.###......r.
#.#
#.................
#.#
####.##.###$......
#.##### #.##.#
#......


You could see a spiny frog.

Vanquished Creatures
  A blink frog (D:10)
  Grinder (D:4)
  A hippogriff (D:6)
  4 yaks
  Sigmund (D:2)
  A water moccasin (D:7)
  Duvessa (D:4)
  4 orc warriors (D:8)
  3 ice beasts
  A black bear (D:10)
  A phantom (D:3)
  3 sky beasts
  10 ogres
  3 centaurs
  7 bullfrogs
  Blork the orc (D:4)
  2 gnoll sergeants (D:8)
  Dowan (D:4)
  4 scorpions
  6 killer bees
  5 howler monkeys
  2 crimson imps
  A bullfrog zombie (D:5)
  A centaur skeleton (D:9)
  4 jellies
  7 orc priests
  7 hounds
  11 orc wizards
  2 iguanas
  Ijyb (D:1)
  3 worker ants
  A hound skeleton (D:5)
  Robin (D:2)
  A howler monkey skeleton (D:4)
  6 gnolls (D:8)
  12 adders
  2 shadow imps
  An adder skeleton (D:7)
  2 worms
  6 dart slugs
  6 leopard geckos
  46 orcs
  5 giant cockroaches
  15 goblins
  21 hobgoblins
  2 jackals (D:7)
  5 quokkas
  10 bats
  8 frilled lizards
  12 kobolds
  A quokka skeleton (D:6)
  6 rats
  2 plants (D:8)
271 creatures vanquished.

Vanquished Creatures (collateral kills)
  An adder (D:4)
  A ball python (D:4)
2 creatures vanquished.

Vanquished Creatures (others)
  2 plants (D:8)
2 creatures vanquished.

Grand Total: 275 creatures vanquished

Notes
Turn   | Place    | Note
-------+----------+-------------------------------------------
     0 | D:1      | KarmaPolice the Vampire Skald began the quest for the Orb.
     0 | D:1      | Reached XP level 1. HP: 16/16 MP: 3/3
   283 | D:1      | Reached XP level 2. HP: 16/22 MP: 5/5
   288 | D:1      | Learned a level 2 spell: Shroud of Golubria
   297 | D:1      | Learned a level 2 spell: Song of Slaying
   794 | D:1      | Reached XP level 3. HP: 27/27 MP: 6/6
   966 | D:1      | HP: 1/28 [poisoned by an adder]
  1636 | D:2      | Noticed Ijyb
  2455 | D:2      | Noticed Sigmund
  2460 | D:1      | Reached XP level 4. HP: 31/34 MP: 2/7
  2508 | D:2      | Noticed Robin
  2748 | D:1      | Learned a level 3 spell: Regeneration
  3694 | D:1      | Reached XP level 5. HP: 31/40 MP: 0/9
  3858 | D:1      | Killed Ijyb
  4910 | D:2      | Killed Robin
  4910 | D:2      | Reached skill level 1 in Necromancy
  5150 | D:3      | Noticed a phantom
  5447 | D:3      | Reached skill level 1 in Short Blades
  5452 | D:3      | Reached XP level 6. HP: 46/47 MP: 6/10
  5500 | D:3      | Found a shadowy altar of Dithmenos.
  5587 | D:3      | You are sucked into a shaft for 3 floors!
  5597 | D:5      | Entered Level 5 of the Dungeon
  5763 | D:4      | Found a sacrificial altar of Ru.
  5959 | D:3      | Reached skill level 5 in Charms
  7326 | D:2      | Killed Sigmund
  7326 | D:2      | Reached XP level 7. HP: 40/53 MP: 0/11
  7864 | D:4      | Noticed Blork the orc
  7904 | D:4      | Killed Blork the orc
  7988 | D:4      | Noticed Duvessa
  8007 | D:4      | Killed Duvessa
  8007 | D:4      | Reached XP level 8. HP: 41/61 MP: 1/12
  8280 | D:4      | Noticed Dowan
  8303 | D:4      | Noticed Menkaure
  8393 | D:4      | Killed Dowan
  8443 | D:4      | Noticed Grinder
  8519 | D:4      | Killed Grinder
  8730 | D:5      | Found Tyiwn's Gadget Boutique.
  8975 | D:5      | Reached skill level 5 in Fighting
  9367 | D:5      | Reached skill level 5 in Necromancy
  9643 | D:6      | Reached skill level 5 in Short Blades
  9703 | D:6      | Found a sparkling altar of Nemelex Xobeh.
  9767 | D:6      | Found a glowing silver altar of Zin.
  9846 | D:6      | Noticed a hippogriff
 10294 | D:6      | Killed a hippogriff
 10294 | D:6      | Reached XP level 9. HP: 28/68 MP: 1/13
 10437 | D:6      | Found a sacrificial altar of Ru.
 11262 | D:7      | Found a hazy altar of Hepliaklqana.
 11265 | D:7      | Found a shimmering altar of Xom.
 11265 | D:7      | Noticed a tyrant leech
 11266 | D:7      | Noticed a spectral ugly thing
 11266 | D:7      | Noticed a tyrant leech
 11754 | D:7      | Reached skill level 1 in Armour
 11925 | D:7      | Found a hide-covered altar of Uskayaw.
 11997 | D:7      | Found a staircase to the Ecumenical Temple.
 12013 | Temple   | Entered the Ecumenical Temple
 12018 | Temple   | Became a worshipper of Kikubaaqudgha
 12291 | D:8      | Found a burning altar of Makhleb.
 12712 | D:8      | Found an iron altar of Okawaru.
 13611 | D:8      | Reached * piety under Kikubaaqudgha
 13611 | D:8      | Identified Kikubaaqudgha's Collected Works on Evil Secrets (Kikubaaqudgha gifted it to you on level 8 of the Dungeon)
 13611 | D:8      | Received a gift from Kikubaaqudgha
 14143 | D:8      | Reached XP level 10. HP: 76/77 MP: 1/14
 15185 | D:9      | Found an opulent altar of Gozag.
 15600 | D:9      | Reached ** piety under Kikubaaqudgha
 15600 | D:9      | Reached skill level 1 in Evocations
 15982 | D:10     | Entered Level 10 of the Dungeon
 15996 | D:10     | Noticed a spiny frog
 15997 | D:10     | Found a staircase to the Lair.
 16044 | D:9      | Learned a level 4 spell: Control Undead
 16662 | D:9      | Noticed Maurice
 17832 | D:10     | Mangled by a spiny frog

Skill      XL: |  1  2  3  4  5  6  7  8  9 10 |
---------------+-------------------------------+-----
Fighting       | 2 3 4 5 6 7 |  7.0
Charms         | 4 5 6 7 8 |  8.0
Long Blades    | 3 |  3.1
Spellcasting   | 3 |  3.5
Necromancy     | 1 2 3 5 7 8 |  8.5
Short Blades   | 1 2 3 5 6 7 |  7.8
Armour         | 2 4 |  4.2
Evocations     | 2 |  2.7
Dodging        | |  1.1

Action                   |  1- 3 |  4- 6 |  7- 9 | 10-12 || total
-------------------------+-------+-------+-------+-------++-------
Melee: Falchion          |   105 |    16 |       |       ||   121
       Bite              |    11 |    31 |    56 |    38 ||   136
       Dagger            |       |   176 |   439 |   197 ||   812
       Unarmed           |       |    84 |    11 |    30 ||   125
       Short sword       |       |       |       |    50 ||    50
 Cast: Infusion          |     7 |    26 |    48 |    24 ||   105
       Shroud of Golubri |     2 |     9 |    29 |    11 ||    51
       Song of Slaying   |       |     1 |     8 |     5 ||    14
       Regeneration      |       |     2 |    20 |    14 ||    36
Invok: Receive Corpses   |       |       |       |     1 ||     1
 Abil: End Transformatio |     7 |    31 |    60 |    44 ||   142
       Bat Form          |     7 |    31 |    60 |    44 ||   142
Evoke: Wand              |       |       |       |     3 ||     3
       Phial of floods   |       |       |       |     1 ||     1
  Use: Potion            |     2 |     4 |    10 |     9 ||    25
       Scroll            |       |     4 |    11 |     6 ||    21
 Stab: Sleeping          |     3 |     9 |     6 |     4 ||    22
       Distracted        |       |     1 |     1 |     1 ||     3
  Eat: Corpse            |       |     4 |     7 |     2 ||    13
Armor: Leather armour    |    25 |    39 |    91 |    56 ||   211
Dodge: Dodged            |    70 |   170 |   182 |   121 ||   543
       Rpst.: Falchion   |    26 |     8 |       |       ||    34
